AoeStats
← RedPhosphoru

Arabian Desert

509802291Analyzed
1v1 RM · 3d ago on Sep 28, 2026· 23m 53s· 2 players
Game mode
Random Map
Map size
Tiny (2 player)
Population
200
Speed
Normal
Resources
Standard
Victory
Conquest
Starting age
Dark Age
Ending age
Imperial Age
RankedLock teamsTeams togetherTeam positionsShared explorationLock speedFull tech treeHidden civsTurbo modeCheats
Victory
Defeat
🇨🇦 Saxons · Canada
2512
+7
🇺🇸 Saxons · United States
2300
-7
RedPhosphoru
8:03 Loom
9:49 Feudal Age
13:59 Castle Age
12:34 Double-Bit Axe
14:52 Bow Saw
18:16 Fletching
18:49 Scale Mail Armor
19:47 Bodkin Arrow
22:58 Chain Mail Armor
23:00 Squires
Survivalist
7:03 Loom
9:15 Feudal Age
9:42 Double-Bit Axe
16:10 Castle Age
16:35 Bloodlines
16:11 Light Cavalry
17:15 Bow Saw
18:46 Forging
22:07 Scale Barding Armor
22:24 Husbandry
23:39 Iron Casting
Connection lost

Rejoining the realm…

Still unreachable

The connection could not be restored.

Session expired

The server has moved on; the page needs a fresh start.